[Event "Late-Titled-Tuesday-Blitz-June-25-2024"]
[Site "Chess.com"]
[Date "2024.06.25"]
[Round "2"]
[White "zajka-molotok"]
[Black "shirovin"]
[Result "1-0"]
[WhiteElo "2527"]
[BlackElo "2114"]
[TimeControl "180+1"]
[EndTime "14:16:35 PDT"]
[Termination "zajka-molotok won by checkmate"]

1. e4 c5 2. Nf3 d6 3. Bb5+ Nd7 4. a4 a6 5. Be2 e6 6. O-O Ngf6 7. Nc3 b6 8. d4 cxd4 9. Qxd4 Bb7 10. Re1 e5 11.
Qe3 Be7 12. Bc4 O-O 13. Qe2 Qc7 14. Bg5 Rfc8 15. Bb3 Nc5 16. Bxf6 Bxf6 17. Bd5 h6 18. Bxb7 Nxb7 19. Nd5 Qxc2 20. Nxb6 Qxe2 21. Rxe2 Nc5 22. Nxa8 Rxa8 23. b4 Nd3 24. Rb1 Rb8 25. b5 axb5 26. axb5 Bd8 27. Rd2 Nc5 28. Rxd6 Nxe4 29. Rc6 Bb6 30. Rb2 f6 31. g3 Kf8 32. Kg2 Ke7 33.
Nh4 Kd7 34. Nf5 g6 35. Nxh6 Bd4 36. Rb4 f5 37. Rxg6 Nxf2 38. Rxd4+ exd4 39. Kxf2 Rxb5 40. h4 Rb2+ 41. Kf3 Rb3+ 42. Kf4 d3 43. Ke3 Ke7 44. Nxf5+ Kf7 45. Rd6 Rb5 46. g4 Rb4 47. Rxd3 Rxg4 48. Nh6+ Kg7 49. Nxg4 Kg6 50. Rd5 Kh7 51. Kf4 Kg7 52. Kg5 Kh7 53. h5 Kg7 54. Rd7+ Kg8 55. Nf6+ Kf8 56. Ne4 Kg8 57. h6 Kh8 58. Kg6 Kg8 59.
Rd8# 1-0

[Event "Late-Titled-Tuesday-Blitz-June-25-2024"]
[Site "Chess.com"]
[Date "2024.06.25"]
[Round "2"]
[White "KaydenTroffChess"]
[Black "Shahdad2007"]
[Result "1/2-1/2"]
[WhiteElo "2830"]
[BlackElo "2592"]
[TimeControl "180+1"]
[EndTime "14:16:36 PDT"]
[Termination "Game drawn by repetition"]

1. d4 Nf6 2. Nf3 g6 3. Bg5 Bg7 4. Nc3 d5 5. Bxf6 Bxf6 6. e4 dxe4 7. Nxe4 Bg7 8. c3 O-O 9. Bc4 b6 10. O-O Ba6 11. Qb3 Bb7 12. Rfe1 e6 13. Ne5 Bxe5 14. dxe5 Bxe4 15. Rxe4 Nd7 16. Rd1 Qe7 17. Qb5 Rad8 18. Red4 Nc5 19. b4 Nb7 20. Qa6 c5 21. Rxd8 Rxd8 22.
Rxd8+ Nxd8 23. Qc8 cxb4 24. cxb4 Kg7 25. Ba6 h5 26. g3 h4 27. Kg2 hxg3 28. hxg3 Qe8 29. Kg1 Qa4 30. b5 Qd1+ 31. Kh2 Qd4 32. Kg1 Qd1+ 33. Kh2 Qd4 34. Kg1 Qd1+ 1/2-1/2

[Event "Late-Titled-Tuesday-Blitz-June-25-2024"]
[Site "Chess.com"]
[Date "2024.06.25"]
[Round "2"]
[White "KorolDimitriy75"]
[Black "JSPrepz"]
[Result "0-1"]
[WhiteElo "2412"]
[BlackElo "2813"]
[TimeControl "180+1"]
[EndTime "14:16:36 PDT"]
[Termination "JSPrepz won by resignation"]

1. d4 Nf6 2. c4 c5 3. d5 b5 4. Nd2 bxc4 5. e4 e6 6. Bxc4 exd5 7. exd5 d6 8. Ne2 Be7 9. O-O Nbd7 10. Nc3 O-O 11. b3 Nb6 12. Bb2 Rb8 13.
Re1 Bf5 14. h3 Nfd7 15. Bf1 Ne5 16. Nf3 Bf6 17. Nxe5 Bxe5 18. Qd2 Qf6 19. Rac1 Rfe8 20. Ba1 Qg6 21. g3 Bd4 22. Kh2 Nd7 23. Bg2 Ne5 24.
Ne4 Bxa1 25. Rxa1 Bxh3 26. f4 Ng4+ 27. Kg1 Bxg2 28. Qxg2 h6 29. Rad1 Re7 30. Qf3 Rbe8 31. f5 Qh5 32. Qg2 Rxe4 33. Rxe4 Rxe4 0-1

[Event "Late-Titled-Tuesday-Blitz-June-25-2024"]
[Site "Chess.com"]
[Date "2024.06.25"]
[Round "2"]
[White "katharinareinecke"]
[Black "AlexanderMatlak"]
[Result "0-1"]
[WhiteElo "2040"]
[BlackElo "2449"]
[TimeControl "180+1"]
[EndTime "14:16:36 PDT"]
[Termination "AlexanderMatlak won on time"]

1. d4 Nf6 2. Nf3 c5 3. g3 cxd4 4. Nxd4 e5 5. Nb5 d5 6. c4 a6 7. N5c3 d4 8. Na4 Bd7 9. b3 Bc6 10. f3 e4 11. Bg2 d3 12. O-O Bxa4 13. bxa4 Qd4+ 14. Kh1 Qxa1 15. Qb3 dxe2 16. Re1 Qd4 17. Qxb7 Bb4 18. Qxb4 Nbd7 19. Bb2 Qf2 20. fxe4 Rb8 21. Qd2 Rxb2 22. Qc1 Rxb1 23. Qxb1 O-O 0-1

[Event "Late-Titled-Tuesday-Blitz-June-25-2024"]
[Site "Chess.com"]
[Date "2024.06.25"]
[Round "2"]
[White "1g60-1"]
[Black "Gabrielian_Artur"]
[Result "0-1"]
[WhiteElo "2482"]
[BlackElo "2729"]
[TimeControl "180+1"]
[EndTime "14:16:39 PDT"]
[Termination "Gabrielian_Artur won by resignation"]

1. e4 c5 2. Nf3 d6 3. d4 cxd4 4. Nxd4 Nf6 5. Nc3 Nc6 6. f3 e5 7.
Nb3 Be7 8. Be3 O-O 9. Qd2 Be6 10.
O-O-O a5 11. Bb5 Qb8 12. a4 Rc8 13. Kb1 Nb4 14. Bg5 d5 15. Bxf6 Bxf6 16. Nxd5 Bxd5 17. exd5 Rxc2 18. Qe3 Qd6 19. Qe4 Rxg2 20. Rc1 Qxd5 21. Rc4 Qxe4+ 22. fxe4 b6 23. Rc7 Rf8 24. Rd1 g6 25. Nc1 Bg5 26. Nd3 Rd8 27. Bc4 Kh8 28. Rxf7 Rxh2 29. Rb7 Be3 30. Re1 Bd4 31. Nxb4 Rxb2+ 32. Kc1 Rxb4 33. Bd5 Rc8+ 34. Kd1 Rb1+ 35. Ke2 Rc2+ 0-1

[Event "Late-Titled-Tuesday-Blitz-June-25-2024"]
[Site "Chess.com"]
[Date "2024.06.25"]
[Round "2"]
[White "Navyblue1"]
[Black "medinapazmiguel1968"]
[Result "0-1"]
[WhiteElo "2172"]
[BlackElo "2471"]
[TimeControl "180+1"]
[EndTime "14:16:39 PDT"]
[Termination "medinapazmiguel1968 won on time"]

1. d4 Nf6 2. c4 g6 3. Nc3 Bg7 4. e4 d6 5. Be2 O-O 6. Bg5 h6 7. Be3 e5 8. d5 Nbd7 9. Qd2 Kh7 10. h4 Nc5 11. f3 Nh5 12. b4 Nd7 13.
Rc1 a5 14. a3 axb4 15. axb4 Nf4 16. g3 Ng2+ 17. Kd1 Nxe3+ 18. Qxe3 f5 19. Nh3 Ra3 20.
Qd2 f4 21. gxf4 exf4 22. Nf2 Qf6 23. Nb5 Rb3 24. Ng4 Qd8 25. h5 g5 26. Bd3 Ne5 27.
Nxe5 Bxe5 28. Be2 Rf7 29. Rf1 Qf6 30. Bd3 g4 0-1

[Event "Late-Titled-Tuesday-Blitz-June-25-2024"]
[Site "Chess.com"]
[Date "2024.06.25"]
[Round "2"]
[White "h4parah5"]
[Black "GrotBchess"]
[Result "1-0"]
[WhiteElo "2969"]
[BlackElo "2605"]
[TimeControl "180+1"]
[EndTime "14:16:41 PDT"]
[Termination "h4parah5 won by resignation"]

1. Nf3 Nf6 2. c4 e6 3. b3 d5 4. Bb2 Be7 5. e3 O-O 6. Nc3 b6 7. cxd5 Nxd5 8. Nxd5 exd5 9. Be2 Bb7 10. O-O Nd7 11. Rc1 c5 12. d4 Bf6 13. Qd2 Rc8 14.
Bb5 Bc6 15. Ba6 Rc7 16. Rfd1 h6 17. Bf1 Bb7 18. dxc5 Nxc5 19. Bxf6 Qxf6 20. Qd4 Qxd4 21. Nxd4 Ne6 22. Nb5 Rxc1 23. Rxc1 a6 24. Nd6 Rb8 25.
g3 d4 26. Nxb7 Rxb7 27. exd4 Nxd4 28. Bxa6 Ra7 29. Bd3 g6 30. Rc8+ Kg7 31. Bb1 Nf3+ 32. Kg2 Nd2 33. Bd3 Rxa2 34. Rc2 Rxc2 35. Bxc2 f5 36.
f3 Kf6 37. Kf2 Ke5 38. Ke2 Kd4 39. Kxd2 1-0

[Event "Late-Titled-Tuesday-Blitz-June-25-2024"]
[Site "Chess.com"]
[Date "2024.06.25"]
[Round "2"]
[White "Keithonsky"]
[Black "SchmakAttack"]
[Result "0-1"]
[WhiteElo "2599"]
[BlackElo "2872"]
[TimeControl "180+1"]
[EndTime "14:16:43 PDT"]
[Termination "SchmakAttack won by resignation"]

1. d4 Nf6 2. c4 e6 3. Nf3 b6 4. g3 Bb7 5. Bg2 Be7 6. O-O O-O 7.
Nc3 Ne4 8. Qc2 Nxc3 9. Qxc3 d6 10. Rd1 Nd7 11. Qc2 Nf6 12. Ne1 Qc8 13. e4 c5 14.
d5 exd5 15. exd5 a6 16. b3 b5 17. Bb2 Nd7 18. Bh3 Qd8 19. Bf5 h6 20. Nd3 Bf6 21.
Bxf6 Nxf6 22. Re1 Qc7 23. Qd2 Rfe8 24. Qf4 bxc4 25. bxc4 a5 26. g4 Rxe1+ 27. Rxe1 Re8 28. Rxe8+ Nxe8 29. Qe3 Kf8 30. g5 hxg5 31. Qxg5 Qe7 32. Qh5 Qf6 33. Bd7 Ke7 34. Bxe8 Kxe8 35. Qh8+ Kd7 36. Qh3+ Kc7 37. Qe3 Ba6 38. Qe4 a4 39. Kg2 a3 40. h4 Qg6+ 41. Kf3 Qxe4+ 42. Kxe4 Bxc4 43. Nc1 Kd7 44. f4 Ke7 0-1

[Event "Late-Titled-Tuesday-Blitz-June-25-2024"]
[Site "Chess.com"]
[Date "2024.06.25"]
[Round "2"]
[White "Charodej1"]
[Black "akanga001"]
[Result "1-0"]
[WhiteElo "2473"]
[BlackElo "2187"]
[TimeControl "180+1"]
[EndTime "14:16:43 PDT"]
[Termination "Charodej1 won by resignation"]

1. e4 e6 2. d4 d5 3. Nd2 Be7 4. c3 Nf6 5. e5 Nfd7 6. Bd3 c5 7. Ne2 Nc6 8. Nf3 cxd4 9. cxd4 g5 10. h3 h5 11. Be3 Rg8 12. Bh7 Rg7 13. Bd3 g4 14.
hxg4 hxg4 15. Rh8+ Nf8 16. Nd2 Bg5 17. Nf1 Bxe3 18.
Nxe3 Qa5+ 19. Qd2 Bd7 20. Qxa5 Nxa5 21. Rc1 Rc8 22. Rxc8+ Bxc8 23. Nf4 Nc6 24. Nh5 Rg5 25. Nf6+ Ke7 26. Nc2 Bd7 27. Rxf8 Kxf8 28. Nh7+ Kg7 29. Nxg5 Kh6 30. f4 Nd8 31. Kf2 Kg7 32. Kg3 f6 33. exf6+ Kxf6 34. Ne3 Nc6 35. Nxg4+ Ke7 36. Nf3 Nb4 37. Bb1 Bb5 38. a3 Nc6 39. Nge5 Nd8 40. Kh4 Kf6 41. g4 Be2 42. g5+ Kg7 43. Kg3 a6 44.
Nh4 b5 45. f5 exf5 46. Bxf5 Nb7 47. Bg4 Bf1 48. Kf4 Nd6 49. Nf5+ Nxf5 50. Kxf5 Bg2 51. Ke6 a5 52. Kd6 b4 53. Be6 bxa3 54. bxa3 1-0

[Event "Late-Titled-Tuesday-Blitz-June-25-2024"]
[Site "Chess.com"]
[Date "2024.06.25"]
[Round "2"]
[White "Lady_Nika"]
[Black "lamomiajunior"]
[Result "0-1"]
[WhiteElo "2539"]
[BlackElo "2752"]
[TimeControl "180+1"]
[EndTime "14:16:44 PDT"]
[Termination "lamomiajunior won by checkmate"]

1. c4 Nf6 2. d4 g6 3. Nc3 Bg7 4. e4 d6 5. f3 O-O 6. Be3 Nfd7 7. Qd2 c5 8. d5 a6 9. Bd3 b5 10.
Nge2 bxc4 11. Bxc4 a5 12. O-O Ba6 13. Bxa6 Nxa6 14. f4 Rb8 15. Rab1 Nc7 16. Kh1 Nb5 17. Nxb5 Rxb5 18. Nc3 Rb7 19. b3 Qc7 20. Rfc1 Rfb8 21.
Na4 Rb4 22. Qc2 Nf6 23. Nc3 Ng4 24. Bg1 Bxc3 25. Qxc3 Rxe4 26. Qf3 Nf6 27. f5 Re5 28. fxg6 hxg6 29. Bd4 Rf5 30. Qh3 Rxd5 31. Ba1 Rh5 32. Qf3 Qb7 33. Qc3 Qb4 34. Qf3 Qe4 35. Qg3 Qh4 36.
Qxh4 Rxh4 37. Rd1 Ne4 38. Kg1 Rh5 39. Re1 f5 40. Rbd1 Kf7 41. Rd3 e6 42. Rf3 d5 43.
g4 Rh4 44. gxf5 gxf5 45. Be5 Rg8+ 46. Kh1 Rhg4 47. Rh3 Nf2# 0-1

[Event "Late-Titled-Tuesday-Blitz-June-25-2024"]
[Site "Chess.com"]
[Date "2024.06.25"]
[Round "2"]
[White "Engima32"]
[Black "MagnusCarlsen"]
[Result "0-1"]
[WhiteElo "2425"]
[BlackElo "3164"]
[TimeControl "180+1"]
[EndTime "14:16:44 PDT"]
[Termination "MagnusCarlsen won by resignation"]

1. d4 Nc6 2. Nf3 Nf6 3. g3 d5 4. Bg2 Bf5 5. O-O e6 6. c4 Be7 7. Nc3 Ne4 8. Qa4 O-O 9. Bf4 a6 10. Rac1 g5 11. Be3 b5 12. cxb5 axb5 13. Qxb5 Na7 14.
Qb3 Rb8 15. Qa4 Nxc3 16. Rxc3 Nb5 17. Rcc1 Nd6 18. b3 Ra8 19. Qc6 Rxa2 20. Qxc7 Rxe2 21. Ne5 f6 22. Qxd8 Bxd8 23. Nc6 Rb2 24. Rc3 Kf7 25. Bc1 Ra2 26. Nxd8+ Rxd8 27. Rc7+ Kg6 28. h3 h5 29.
Kh2 Nb5 30. Rb7 Nxd4 31. b4 g4 32. h4 Nf3+ 33. Bxf3 gxf3 34. b5 Bd3 35. Rd1 Rxf2+ 36. Kh1 Rc2 37. Be3 d4 38. Bg1 f2 39. Bxf2 Be4+ 40.
Kg1 Bxb7 0-1

[Event "Late-Titled-Tuesday-Blitz-June-25-2024"]
[Site "Chess.com"]
[Date "2024.06.25"]
[Round "2"]
[White "LUISMIGUELOV"]
[Black "chrisclaireredfield"]
[Result "0-1"]
[WhiteElo "2224"]
[BlackElo "2483"]
[TimeControl "180+1"]
[EndTime "14:16:44 PDT"]
[Termination "chrisclaireredfield won by resignation"]

1. e4 e5 2. Bc4 Nf6 3. d3 c6 4. c3 d5 5. exd5 cxd5 6. Bb5+ Bd7 7. Bxd7+ Nbxd7 8. Nf3 Bd6 9. O-O O-O 10. Bg5 h6 11. Bh4 Re8 12. Nbd2 Qc7 13. Re1 e4 14. dxe4 dxe4 15.
Nd4 Bxh2+ 16. Kh1 g5 17. Nf1 Bf4 18. Bg3 Qe5 19. Qe2 Nc5 20. Rad1 Rad8 21. Bxf4 gxf4 22.
b4 Na4 23. Qc2 Nb6 24. Qe2 Nbd5 25. Qb2 Qh5+ 26. Kg1 Kh7 27. Qc2 Qg6 28. f3 e3 29.
Qxg6+ fxg6 30. Ne2 g5 31. g3 Nh5 32. Kg2 Nb6 33. g4 Nf6 34. Rxd8 Rxd8 35. Nd4 Nfd5 36. Rc1 Nc4 37. Ne6 Rc8 38. Nc5 b6 39. Ne6 Nd2 40.
Nxd2 exd2 41. Rd1 Ne3+ 42. Kf2 Nxd1+ 0-1

[Event "Late-Titled-Tuesday-Blitz-June-25-2024"]
[Site "Chess.com"]
[Date "2024.06.25"]
[Round "2"]
[White "hoshiboshi"]
[Black "TokChess"]
[Result "0-1"]
[WhiteElo "2246"]
[BlackElo "2504"]
[TimeControl "180+1"]
[EndTime "14:16:45 PDT"]
[Termination "TokChess won on time"]

1. e4 c5 2. Nf3 d6 3. d4 cxd4 4. Nxd4 Nf6 5. Nc3 a6 6. Be2 e5 7.
Nb3 Be7 8. O-O O-O 9. Re1 b5 10. Bf3 Bb7 11. a4 b4 12. Nd5 Bxd5 13. exd5 Nbd7 14.
Bd2 Qb8 15. a5 Qb5 16. c3 Nxd5 17. Bxd5 Qxd5 18. cxb4 Qb5 19. Bc3 Rfe8 20. Qe2 Qb7 21.
Rad1 d5 22. Bxe5 Bxb4 23. f4 Bxe1 24. Nd4 Bxa5 25. Nf5 Nxe5 26. fxe5 Qb6+ 27. Kh1 Qg6 28. Qf3 Rxe5 29. g4 Rae8 30. h4 h5 31. Rxd5 Rxd5 32. Qxd5 Qxg4 0-1

[Event "Late-Titled-Tuesday-Blitz-June-25-2024"]
[Site "Chess.com"]
[Date "2024.06.25"]
[Round "2"]
[White "crazy_machine"]
[Black "Beaterawn"]
[Result "1-0"]
[WhiteElo "2631"]
[BlackElo "2396"]
[TimeControl "180+1"]
[EndTime "14:16:47 PDT"]
[Termination "crazy_machine won by resignation"]

1. d4 f5 2. Nc3 Nf6 3. Bg5 d5 4. Bxf6 exf6 5. e3 Be6 6. Bd3 Qd7 7. Nge2 g5 8. h4 Nc6 9. Ng3 O-O-O 10. Qh5 h6 11. a3 f4 12. exf4 Nxd4 13. hxg5 fxg5 14.
fxg5 Bg4 15. Qg6 Re8+ 16. Kd2 Bd6 17. Nxd5 c6 18. Ne3 Bxg3 19. fxg3 h5 20. Raf1 Ne6 21. Nxg4 Qd4 22. Nf6 Rd8 23. Kc1 Nc5 24. Rd1 Qe5 25. Qf5+ Qxf5 26. Bxf5+ Kc7 27. Rxd8 Rxd8 28. g6 1-0

[Event "Late-Titled-Tuesday-Blitz-June-25-2024"]
[Site "Chess.com"]
[Date "2024.06.25"]
[Round "2"]
[White "miraitrunks"]
[Black "Bugcrusher"]
[Result "0-1"]
[WhiteElo "2068"]
[BlackElo "2455"]
[TimeControl "180+1"]
[EndTime "14:16:47 PDT"]
[Termination "Bugcrusher won by checkmate"]

1. e4 e6 2. Nc3 d5 3. Nf3 Nf6 4. e5 Nfd7 5. d4 c5 6. dxc5 Nc6 7. Bf4 a6 8. Bd3 Bxc5 9. O-O f6 10. exf6 Qxf6 11.
Bg5 Qf7 12. Re1 O-O 13. Qe2 Nd4 14. Nxd4 Bxd4 15. Qxe6 Bxf2+ 16. Kh1 Bxe1 17. Qxf7+ Rxf7 18. Rxe1 Nc5 19. Re8+ Rf8 20. Bxh7+ Kxh7 21. Rxf8 d4 22. Nd5 Ne6 23. Rf5 Nxg5 24. Rxg5 Be6 25. Nc7 Rf8 26.
Rh5+ Kg6 27. Rg5+ Kh6 28. Kg1 Bc4 29. h4 Bxa2 30. Nd5 Bxd5 31. Rxd5 Rc8 32. Rxd4 Rxc2 33. Rd6+ Kh5 34. Rb6 Kxh4 35. Rxb7 g5 36. Rb4+ g4 37.
Rb6 a5 38. Rh6+ Kg3 39. Ra6 Rc1# 0-1

[Event "Late-Titled-Tuesday-Blitz-June-25-2024"]
[Site "Chess.com"]
[Date "2024.06.25"]
[Round "2"]
[White "schondeln"]
[Black "burbur555"]
[Result "0-1"]
[WhiteElo "2382"]
[BlackElo "2703"]
[TimeControl "180+1"]
[EndTime "14:16:48 PDT"]
[Termination "burbur555 won by resignation"]

1. e4 c6 2. Nc3 d5 3. Nf3 dxe4 4.
Nxe4 Nf6 5. Qe2 Nxe4 6. Qxe4 Be6 7. Bc4 Bxc4 8. Qxc4 Nd7 9. O-O e6 10. d4 Be7 11. c3 O-O 12. Bf4 Rc8 13. Qb3 Qb6 14. Qxb6 axb6 15. Rfd1 b5 16. a4 Ra8 17. axb5 cxb5 18.
Kf1 Nb6 19. Ke2 Ra4 20. Rxa4 bxa4 21. Ra1 Rc8 22. Kd3 Nc4 23. Bc1 b5 24. Nd2 Nxd2 25.
Bxd2 Kf8 26. Re1 Ke8 27. Re5 Rb8 28. g4 Kd7 29. h3 f6 30. Re1 Bd6 31. f4 Kc6 32. f5 exf5 33. gxf5 Kd5 34. Re6 Rf8 35. Be3 g6 36. Re4 gxf5 37. Rh4 Rf7 38. Bf4 Bxf4 39. Rxf4 Ke6 40. c4 bxc4+ 41. Kxc4 Rc7+ 42. Kb4 Rb7+ 43. Kc4 Rxb2 44. Rh4 Rb7 45. Rf4 a3 46. Rf2 Ra7 47. Ra2 f4 48. Kd3 Kd5 49. h4 h5 0-1

[Event "Late-Titled-Tuesday-Blitz-June-25-2024"]
[Site "Chess.com"]
[Date "2024.06.25"]
[Round "2"]
[White "K_A_S_T_O_R"]
[Black "DanylaBagrov"]
[Result "1-0"]
[WhiteElo "2858"]
[BlackElo "2590"]
[TimeControl "180+1"]
[EndTime "14:16:50 PDT"]
[Termination "K_A_S_T_O_R won on time"]

1. e4 d6 2. d4 Nf6 3. Nc3 e5 4. Nf3 Nbd7 5. Bc4 Be7 6. O-O O-O 7. a4 exd4 8. Nxd4 Ne5 9. Be2 c5 10. Nb3 a6 11. f4 Nc6 12. Bf3 Be6 13. Be3 Rb8 14. h3 Qc7 15. Nd5 Bxd5 16. exd5 Na5 17. Nd2 Rfe8 18. Re1 b5 19. axb5 axb5 20. b3 Nd7 21.
Ne4 b4 22. Ra4 c4 23. Bd4 cxb3 24. cxb3 Nc5 25. Bxc5 dxc5 26. d6 Bxd6 27. Nxd6 Rxe1+ 28. Qxe1 Nxb3 29. Qe5 Nd4 30. Bd5 b3 31. Nxf7 Qxe5 32.
Nxe5+ Kh8 33. Nd3 g6 34. Nb2 Ne2+ 35. Kf2 Nc3 36. Ra8 Rxa8 37. Bxa8 Kg7 38. Ke3 Kf6 39. Kd3 Nb5 40. g4 Nd4 41. Bd5 h5 42. Ke4 Ne2 43. g5+ Ke7 44. Bxb3 Ng1 45. h4 Nh3 46. Ke3 1-0

[Event "Late-Titled-Tuesday-Blitz-June-25-2024"]
[Site "Chess.com"]
[Date "2024.06.25"]
[Round "2"]
[White "Sasha_Solovev_777"]
[Black "Dr_troll"]
[Result "0-1"]
[WhiteElo "2260"]
[BlackElo "2673"]
[TimeControl "180+1"]
[EndTime "14:16:50 PDT"]
[Termination "Dr_troll won on time"]

1. e4 d6 2. d4 g6 3. Nc3 Bg7 4. Be3 Nf6 5. Qd2 Nbd7 6. Nf3 Ng4 7. Bf4 e5 8. Bg5 Ngf6 9. O-O-O h6 10. Bh4 g5 11.
Bg3 Qe7 12. Bc4 c6 13. dxe5 dxe5 14. a3 Nh5 15. Kb1 Nf4 16. Bxf4 exf4 17. e5 O-O 18. e6 fxe6 19. Rhe1 Nb6 20. Bb3 Qf6 21. Ne5 Nd5 22. Nxd5 exd5 23. c4 Bf5+ 24. Ka1 Rad8 25. cxd5 cxd5 26.
Bxd5+ Kh8 27. Qa5 Rde8 28. Nf7+ Kh7 29. Rxe8 Rxe8 30. Qd2 Bg6 0-1

[Event "Late-Titled-Tuesday-Blitz-June-25-2024"]
[Site "Chess.com"]
[Date "2024.06.25"]
[Round "2"]
[White "ATM622"]
[Black "machupichu10"]
[Result "0-1"]
[WhiteElo "2567"]
[BlackElo "2834"]
[TimeControl "180+1"]
[EndTime "14:16:51 PDT"]
[Termination "machupichu10 won by resignation"]

1. d4 Nf6 2. c4 g6 3. g3 Bg7 4. Bg2 O-O 5. Nf3 d5 6. O-O c6 7.
b3 Bg4 8. Bb2 Bxf3 9. Bxf3 e6 10. Nc3 Re8 11. e4 dxe4 12. Nxe4 Nxe4 13. Bxe4 Nd7 14. Re1 Qa5 15. Bg2 Rad8 16. Qc2 Nb6 17. Rad1 Bxd4 18. Bxd4 Rxd4 19. Rxd4 Qxe1+ 20. Bf1 e5 21. Re4 Qa5 22. Bh3 Rd8 23. Re2 Qc5 24. Qb2 f6 25.
Be6+ Kg7 26. Rd2 Qe7 27. Bh3 Na8 28. Qc1 Nc7 29. Qd1 Rxd2 30. Qxd2 b6 31. Bd7 c5 32.
h4 h5 33. a4 a5 34. Bc6 Ne6 35. Qd5 Nd4 36. Bb5 e4 37. Kf1 e3 38. Qd7 e2+ 0-1

[Event "Late-Titled-Tuesday-Blitz-June-25-2024"]
[Site "Chess.com"]
[Date "2024.06.25"]
[Round "2"]
[White "Sic_Transit_GM"]
[Black "Viktor_Poddubnyi"]
[Result "1-0"]
[WhiteElo "2542"]
[BlackElo "2344"]
[TimeControl "180+1"]
[EndTime "14:16:53 PDT"]
[Termination "Sic_Transit_GM won on time"]

1. e4 g6 2. d4 Bg7 3. Be3 d6 4. Qd2 a6 5. h4 h5 6. Nf3 b5 7.
Ng5 Bb7 8. c4 bxc4 9. Bxc4 d5 10. Bb3 Nf6 11. e5 Ne4 12. Nxe4 dxe4 13. Qb4 Bc6 14. e6 f5 15. Nc3 Qd6 16. Qc4 O-O 17. Ne2 Bb5 18. Qc3 Nc6 19. Nf4 Nxd4 20. Bxd4 Bxd4 21.
Qg3 Bg7 22. Nxg6 Qxg3 23. Nxe7+ Kh7 24. fxg3 Bxb2 25. Rd1 Bc3+ 26. Kf2 f4 27. gxf4 Rxf4+ 28. Ke3 Raf8 29. Nd5 Rg4 30. Nxc3 Rg3+ 31. Kd4 c5+ 32. Kxc5 Rxc3+ 33. Kd6 Rc6+ 34. Ke7 Rcc8 35. Rd5 1-0

[Event "Late-Titled-Tuesday-Blitz-June-25-2024"]
[Site "Chess.com"]
[Date "2024.06.25"]
[Round "2"]
[White "KChor05"]
[Black "Dedic8"]
[Result "0-1"]
[WhiteElo "2603"]
[BlackElo "2945"]
[TimeControl "180+1"]
[EndTime "14:16:54 PDT"]
[Termination "Dedic8 won by resignation"]

1. e4 e5 2. Nf3 Nc6 3. Bb5 a6 4. Ba4 Nf6 5. O-O b5 6. Bb3 Bc5 7. d3 d6 8. h3 h6 9. c3 O-O 10. a4 Rb8 11. axb5 axb5 12. Nbd2 b4 13. Nc4 bxc3 14. bxc3 Be6 15. Ba4 Bxc4 16. Bxc6 Bb3 17. Qe2 Rb6 18. Ba8 d5 19. exd5 Nxd5 20. Bxd5 Bxd5 21.
Nxe5 Re8 22. d4 Bd6 23. c4 Bb7 24. c5 Bxe5 25. dxe5 Rg6 26. g3 Qd5 27. f3 Rxe5 28. Qf2 Rf5 29. Ra3 Rgf6 30. Kg2 Rxf3 31. Rxf3 Rxf3 32.
Qxf3 Qa2+ 33. Rf2 Bxf3+ 34. Kxf3 Qd5+ 35. Ke2 Qc4+ 36. Kd1 Qxc5 37. Re2 Qg1+ 0-1

[Event "Late-Titled-Tuesday-Blitz-June-25-2024"]
[Site "Chess.com"]
[Date "2024.06.25"]
[Round "2"]
[White "laskakid"]
[Black "Bob_2004"]
[Result "0-1"]
[WhiteElo "2401"]
[BlackElo "2739"]
[TimeControl "180+1"]
[EndTime "14:16:54 PDT"]
[Termination "Bob_2004 won on time"]

1. Nf3 Nf6 2. b3 g6 3. Bb2 Bg7 4. g3 O-O 5. Bg2 c5 6. c4 d5 7. cxd5 Nxd5 8. Bxg7 Kxg7 9. O-O Nc6 10. d4 cxd4 11.
Nxd4 Nxd4 12. Qxd4+ Nf6 13. Qe5 Qb6 14. Nc3 Kg8 15.
Qxe7 Re8 16. Qa3 Bg4 17. Qb2 Rac8 18. h3 Bf5 19. Rac1 Qe6 20. Kh2 b6 21. e4 Nxe4 22. Rfe1 Qf6 23. g4 Nxc3 24. Rxe8+ Rxe8 25. gxf5 Qd6+ 26. Kh1 Ne2 27. Rf1 Nf4 28. fxg6 hxg6 29. Qc3 Qe6 30. Qg3 Nh5 31. Qf3 Qe2 32. Qxe2 Rxe2 33. a4 Nf4 34. Bf3 Rb2 35. Kh2 Rxb3 36. Kg3 Ne2+ 37. Kg2 Nd4 38. Be4 Kg7 39. Rd1 Ne6 40. Rd7 Rb4 0-1

[Event "Late-Titled-Tuesday-Blitz-June-25-2024"]
[Site "Chess.com"]
[Date "2024.06.25"]
[Round "2"]
[White "PawnEatingZombie"]
[Black "ChadBiryani"]
[Result "0-1"]
[WhiteElo "2310"]
[BlackElo "2523"]
[TimeControl "180+1"]
[EndTime "14:16:54 PDT"]
[Termination "ChadBiryani won on time"]

1. e4 c5 2. Nc3 Nc6 3. f4 g6 4.
Nf3 Bg7 5. a4 e6 6. e5 d6 7. Bb5 Nh6 8. Bxc6+ bxc6 9. exd6 Qxd6 10. d3 Nf5 11. Ne4 Qe7 12. O-O O-O 13. Qe1 Rd8 14.
Rb1 Rb8 15. b3 Nd4 16. Qf2 f5 17. Neg5 h6 18. Nh3 c4 19. dxc4 c5 20. Kh1 Bb7 21.
Nhg1 Be4 22. Nxd4 Bxd4 23. Qe2 e5 24. fxe5 Bxe5 25. Bxh6 Qh4 26. Nf3 Qh5 27. Be3 Re8 28.
Bg1 Bg3 29. Qd1 Rbd8 30. Qc1 f4 31. Qb2 Rd7 32. Qf6 Rh7 0-1

[Event "Late-Titled-Tuesday-Blitz-June-25-2024"]
[Site "Chess.com"]
[Date "2024.06.25"]
[Round "2"]
[White "lukas_111111"]
[Black "Njal28"]
[Result "0-1"]
[WhiteElo "2638"]
[BlackElo "3102"]
[TimeControl "180+1"]
[EndTime "14:16:55 PDT"]
[Termination "Njal28 won by resignation"]

1. Nf3 Nf6 2. g3 b5 3. Bg2 Bb7 4. d3 e6 5. e4 d6 6. O-O c5 7. d4 Bxe4 8. dxc5 d5 9. b4 Nc6 10. a3 a5 11. Bb2 axb4 12. axb4 Rxa1 13. Bxa1 Nxb4 14. Nc3 Bxf3 15. Qxf3 Bxc5 16. Nxb5 O-O 17. Qc3 Qb6 18. Na3 Rc8 19. Qd2 Be7 20. Bd4 Qc7 21. c4 dxc4 22. Rc1 Qd8 23. Rxc4 Nbd5 24. Rxc8 Qxc8 25. Nc2 h6 26. h3 Qc4 27. Bf1 Qb3 28.
Qd3 Qb1 29. Ne3 Qc1 30. Qd1 Qc7 31. Nxd5 Nxd5 32. Bg2 Bc5 33. Bxc5 Qxc5 34. Qf3 Qd4 35.
Kh2 g6 36. Qe2 Nf6 37. Qf3 Kg7 38. Qb7 Qxf2 0-1

[Event "Late-Titled-Tuesday-Blitz-June-25-2024"]
[Site "Chess.com"]
[Date "2024.06.25"]
[Round "2"]
[White "s-dshubin"]
[Black "ivanquiroga"]
[Result "0-1"]
[WhiteElo "2298"]
[BlackElo "2517"]
[TimeControl "180+1"]
[EndTime "14:16:55 PDT"]
[Termination "ivanquiroga won by checkmate"]

1. e4 e5 2. Nf3 Nc6 3. Bc4 Bc5 4. c3 Nf6 5. d4 exd4 6. cxd4 Bb4+ 7. Bd2 Bxd2+ 8.
Nbxd2 d5 9. exd5 Nxd5 10. Qb3 Na5 11. Qa4+ Nc6 12. Qb3 Nce7 13. O-O O-O 14. Rfe1 h6 15. Ne4 b6 16. Ne5 Bb7 17. Rac1 Rb8 18. Nc3 c6 19. Nxd5 Nxd5 20. Bxd5 cxd5 21. Qa3 a5 22.
Qb3 Re8 23. Nd3 Qf6 24. Rxe8+ Rxe8 25. Rc7 Ba6 26. Ne5 Qf4 27. Qxb6 Bc4 28. g3 Qc1+ 29.
Kg2 Bf1+ 30. Kg1 Bc4+ 31. Kg2 Qf1+ 32. Kf3 Qd1+ 33. Kf4 g5+ 34. Kf5 Bd3+ 35. Kf6 Qe2 36. f4 Qe4 37. Qe6 Rxe6# 0-1

[Event "Late-Titled-Tuesday-Blitz-June-25-2024"]
[Site "Chess.com"]
[Date "2024.06.25"]
[Round "2"]
[White "DucksParadise"]
[Black "EternalNight8"]
[Result "1-0"]
[WhiteElo "2616"]
[BlackElo "2381"]
[TimeControl "180+1"]
[EndTime "14:16:56 PDT"]
[Termination "DucksParadise won by resignation"]

1. Nf3 Nf6 2. e3 g6 3. d4 Bg7 4. b3 d5 5. Bb2 O-O 6. Nbd2 c5 7. dxc5 Qa5 8. Be2 Qxc5 9. O-O Bf5 10. c4 Nc6 11. Rc1 Qd6 12. cxd5 Qxd5 13. Nc4 Rad8 14. Qxd5 Rxd5 15. Nd4 Nxd4 16. Bxd4 b5 17. Ne5 Ne4 18. Nc6 Re8 19. Rfd1 Bxd4 20. Nxd4 b4 21. Nxf5 Rxf5 22. Bd3 Re5 23. f4 Re6 24. Bc4 Rd6 25. Rxd6 Nxd6 26. Bd3 Rc8 27. Rxc8+ Nxc8 28. e4 Kf8 29. Kf2 e6 30.
Ke3 Ke7 31. Kd4 Kd6 32. Kc4 a5 33. Kb5 Ne7 34. Bc4 Nc6 35. e5+ Kc7 36. Kc5 Ne7 37.
g3 h6 38. Kb5 Nc6 39. Ka6 g5 40. Bb5 gxf4 41. Bxc6 fxg3 42. Bg2 gxh2 43. Kxa5 1-0